 Dungeon Crawl Stone Soup version 0.18.1-50-g88ac8fd (webtiles) character file.

1925 nikopol the Fighter (level 9, 0/81 HPs)
             Began as a Hill Orc Fighter on Oct 16, 2016.
             Killed by nerve-wracking pain
             ... invoked by Menkaure
              (4 damage)
             ... on level 7 of the Dungeon.
             The game lasted 00:17:24 (8153 turns).

nikopol the Fighter (Hill Orc Fighter)              Turns: 8153, Time: 00:17:24

Health: 0/81       AC:  7    Str: 20    XL:     9   Next: 17%
Magic:  9/9        EV:  8    Int:  8    God:
Gold:   283        SH: 11    Dex: 12    Spells: 0 memorised, 8 levels left

rFire  . . .     SeeInvis .     a - +1 war axe
rCold  . . .     Gourm    .     b - +0 scale mail
rNeg   . . .     Faith    .     c - +1 shield
rPois  .         Spirit   .     (no helmet)
rElec  .         Dismiss  .     (no cloak)
rCorr  .         Reflect  .     (no gloves)
SustAt .         Harm     .     (no boots)
MR     .....                    (no amulet)
Stlth  ..........               (no ring)
                                (no ring)

@: drained, not resistant to hostile enchantments, extremely unstealthy
A: no striking features
a: no special abilities


You were on level 7 of the Dungeon.
You were not hungry.

You visited 1 branch of the dungeon, and saw 7 of its levels.

You collected 283 gold pieces.

Inventory:

Hand Weapons
 a - a +1 war axe (weapon)
Missiles
 t - 3 steel tomahawks (quivered)
Armour
 b - a +0 scale mail (worn)
 c - a +1 shield (worn)
Jewellery
 w - a +4 ring of intelligence {unknown}
 E - an uncursed ring of see invisible {unknown}
Wands
 m - a wand of iceblast (7/15)
 v - a wand of iceblast (9/15)
 C - a wand of slowing (34/48)
Scrolls
 e - 12 scrolls of identify
 h - 3 scrolls of remove curse
 n - a scroll of recharging
 o - a scroll of amnesia {unknown}
 p - a scroll of fog
 s - 2 scrolls of magic mapping {unknown}
 x - a scroll of enchant weapon
 y - 2 scrolls of teleportation {unknown}
 D - a scroll of immolation {unknown}
Potions
 d - 2 potions of mutation {unknown}
 g - a potion of curing {unknown}
 i - 2 potions of cancellation
 k - 2 potions of degeneration {unknown}
 l - a potion of berserk rage {unknown}
 q - a potion of agility {unknown}
 u - a potion of cure mutation {unknown}
 A - a potion of invisibility {unknown}
 B - a potion of brilliance {unknown}
Books
 z - a Grand Grimoire

   Spells                             Type                      Level
   a - Monstrous Menagerie            Summoning                    7
   b - Summon Greater Demon           Summoning                    7
   c - Malign Gateway                 Summoning/Translocation      7
   d - Summon Horrible Things         Summoning                    8
 G - a book of Transfigurations

   Spells                             Type                      Level
   a - Irradiate                      Conjuration/Transmutation    5
   b - Statue Form                    Transmutation/Earth          6
   c - Hydra Form                     Transmutation                6
   d - Dragon Form                    Transmutation                7
Comestibles
 f - 4 bread rations
 j - a slice of pizza
 r - 6 meat rations
 F - 2 chunks of flesh


   Skills:
 + Level 8.1(7.3) Fighting
 + Level 7.7(6.9) Axes
 + Level 7.1(6.2) Armour
 + Level 7.2(6.4) Shields


You had 8 spell levels left.
You didn't know any spells.

Dungeon Overview and Level Annotations

Branches:
Dungeon (7/15)
 Temple: D:4-7

Altars:
Ashenzari
Fedhas
Kikubaaqudgha
Okawaru
Ru
Sif Muna
Zin

Shops:
D:7 *

Annotations:
D:7 Menkaure


Message History

You kill the orc!
You slash the orc!
You kill the orc!
You hit the kobold.
You kill the kobold!
The kobold hits you but does no damage.
You barely miss the kobold. You block the kobold's attack.
You closely miss the kobold. You block the kobold's attack.
You hit the kobold.
The kobold is heavily wounded.
The kobold hits you but does no damage.
You hit the kobold.
You kill the kobold!
The kobold throws a stone.
You block the stone.
You slash the orc!
You kill the orc!
The kobold throws a stone.
The stone hits you but does no damage. Menkaure casts a spell at you.
Pain shoots through your body!
You die...

#.§..K.# ##......####
#........... #...))§.####
#....§§§.... #o..§§§..###
##### #KM§§§M..#
#...###########)####......
#...##........#@# ......
#.............#.####......
#..................#......
#..........##).....# #.###
###........##......#
#........##......#
#........##......# #######
#........##......# #......
#........##......# #.#####


You could see Menkaure, an orc and a kobold.

Vanquished Creatures
  The ghost of nikopol the Chopper, an amateur HOBe of Trog (D:3)
  2 sky beasts
  5 ogres
  A phantom (D:4)
  A big kobold (D:7)
  A giant frog (D:7)
  A wyvern skeleton (D:6)
  A howler monkey (D:5)
  A vampire bat (D:5)
  3 orc priests
  2 giant frog skeletons
  4 hounds
  5 orc wizards
  4 worker ants
  A hound zombie (D:7)
  A hound skeleton (D:6)
  A worker ant zombie (D:6)
  4 gnolls (D:6)
  A howler monkey skeleton (D:5)
  10 adders
  A river rat (D:4)
  2 oozes
  An adder zombie (D:6)
  2 adder skeletons
  A dart slug (D:2)
  3 giant geckos
  35 orcs
  12 bats
  8 giant cockroaches
  4 goblins
  3 hobgoblins
  13 jackals
  8 kobolds
  3 quokkas
  3 ball pythons
  7 giant newts
  9 rats
165 creatures vanquished.

Notes
Turn   | Place    | Note
--------------------------------------------------------------
     0 | D:1      | nikopol the Hill Orc Fighter began the quest for the Orb.
     0 | D:1      | Reached XP level 1. HP: 19/19 MP: 1/1
   431 | D:1      | Reached XP level 2. HP: 19/27 MP: 2/2
   631 | D:1      | Reached skill level 4 in Fighting
   802 | D:2      | Reached XP level 3. HP: 29/33 MP: 3/3
   916 | D:2      | Reached XP level 4. HP: 37/41 MP: 4/4
   995 | D:2      | Found a blossoming altar of Fedhas.
  1429 | D:2      | HP: 2/41 [poisoned by an adder]
  2299 | D:3      | Reached XP level 5. HP: 40/47 MP: 5/5
  2451 | D:3      | Found a sacrificial altar of Ru.
  2644 | D:3      | Found an iron altar of Okawaru.
  2730 | D:3      | Found an ancient bone altar of Kikubaaqudgha.
  2818 | D:3      | Noticed nikopol's ghost (amateur HOBe)
  2826 | D:3      | HP: 1/47 [nikopol's ghost (10)]
  2827 | D:3      | Killed nikopol's ghost
  2827 | D:3      | Reached skill level 5 in Fighting
  2827 | D:3      | Reached XP level 6. HP: 2/56 MP: 6/6
  3339 | D:4      | Noticed a phantom
  3363 | D:4      | Killed a phantom
  3363 | D:4      | Reached skill level 5 in Armour
  3730 | D:4      | Reached skill level 5 in Shields
  3834 | D:4      | Reached XP level 7. HP: 62/62 MP: 7/7
  4055 | D:4      | Reached skill level 5 in Axes
  4466 | D:4      | Reached skill level 6 in Fighting
  4929 | D:5      | Entered Level 5 of the Dungeon
  5466 | D:5      | Reached XP level 8. HP: 67/71 MP: 8/8
  5951 | D:5      | Found a glowing silver altar of Zin.
  6192 | D:6      | Reached skill level 7 in Fighting
  7176 | D:6      | Found a deep blue altar of Sif Muna.
  7238 | D:6      | Found a shattered altar of Ashenzari.
  7694 | D:7      | Found Jahof's Assorted Antiques.
  7709 | D:7      | Reached XP level 9. HP: 78/81 MP: 9/9
  7887 | D:7      | Reached skill level 8 in Fighting
  8121 | D:7      | Noticed Menkaure
  8141 | D:7      | HP: 4/81 [something (3)]
  8142 | D:7      | HP: 1/81 [something (2)]
  8153 | D:7      | Killed from afar by Menkaure

Skill      XL: |  1  2  3  4  5  6  7  8  9 |
---------------+----------------------------+-----
Axes           | 3 4 5 7 |  7.7
Fighting       | 4 5 6 7 8 |  8.1
Armour         | 4 5 6 7 |  7.1
Shields        | 4 5 6 7 |  7.2

Action                   |  1- 3 |  4- 6 |  7- 9 || total
-------------------------+-------+-------+-------++-------
Melee: War axe           |    83 |   171 |   360 ||   614
  Use: Potion            |       |     1 |       ||     1
       Scroll            |       |     7 |     1 ||     8
  Eat: Chunk             |       |    10 |    14 ||    24
Armor: Scale mail        |    37 |    57 |   149 ||   243
Dodge: Dodged            |    28 |    52 |   101 ||   181
Block: Shield            |    51 |    82 |   200 ||   333
